 Dungeon Crawl Stone Soup version 0.25.1-9-gc5326a611f (webtiles) character file.

Game seed: 14751952711516126792

99 tkbsonic5 the Shield-Bearer (level 5, 0/41 HPs)
             Began as a Human Fighter on Nov 27, 2021.
             Killed by nerve-wracking pain
             ... invoked by Grinder
              (13 damage)
             ... on level 3 of the Dungeon.
             The game lasted 00:08:21 (1867 turns).

tkbsonic5 the Shield-Bearer (Human Fighter)         Turns: 1867, Time: 00:08:21

Health: 0/41       AC: 13    Str: 16    XL:     5   Next: 2%
Magic:  5/5        EV:  2    Int:  9    God:
Gold:   131        SH:  9    Dex: 13    Spells: 4/4 levels left

rFire    . . .     SeeInvis +   a - +0 rapier
rCold    . . .     Gourm    .   c - +0 kite shield
rNeg     . . .     Faith    .   k - +0 plate armour
rPois    .         Spirit   .   l - +0 helmet
rElec    .         Reflect  .   (no cloak)
rCorr    .         Harm     .   (no gloves)
MR       .....                  m - +0 pair of boots
Stlth    ..........             (no amulet)
HPRegen  0.13/turn              s - ring of see invisible
MPRegen  0.09/turn              (no ring)

@: brilliant, stab
A: no striking features
a: no special abilities


You were on level 3 of the Dungeon.
You were not hungry.

You visited 1 branch of the dungeon, and saw 3 of its levels.

You collected 131 gold pieces.

Inventory:

Hand Weapons
 a - a +0 rapier (weapon)
Missiles
 i - 13 poisoned darts (quivered)
Armour
 b - a +0 scale mail
 c - a +0 kite shield (worn)
 k - a +0 plate armour (worn)
 l - a +0 helmet (worn)
 m - a +0 pair of boots (worn)
 t - a +2 leather armour of cold resistance
Jewellery
 s - a ring of see invisible (left hand)
Wands
 q - a wand of random effects (14)
Scrolls
 e - a scroll of fear
Potions
 j - a potion of curing
 o - a potion of degeneration {unknown}
Comestibles
 f - 5 rations
 h - a chunk of flesh


   Skills:
 * Level 3.6 Fighting
 * Level 3.0 Short Blades
 + Level 3.3 Armour
 + Level 1.0 Dodging
 * Level 3.7 Shields


You had 4 spell levels left.
You didn't know any spells.
Your spell library was empty.

Dungeon Overview and Level Annotations

Branches:
Dungeon (3/15)

Altars:

Annotations:
D:3 Grinder


Message History

You hit Grinder.
Grinder is moderately wounded.
Grinder gestures at you. Pain shoots through your body!
* * * LOW HITPOINT WARNING * * *
It was a potion of stabbing.
You feel ready to backstab. Grinder barely misses you.
Your plate armour prevents you from hitting Grinder.
Grinder is moderately wounded.
You block Grinder's attack.
You hit Grinder.
Grinder is heavily wounded.
You block Grinder's attack.
Some of the chunks of flesh in your inventory have rotted away.
You hit Grinder.
Grinder is heavily wounded.
Grinder gestures at you. Pain shoots through your body!
You die...

#..# #..#
#..# #..#
#..##
######...##
.......5..#
..#@.#
#.#..####.#
#.#.......#
#.##.######
#.##.######
#.#.........
#.<.........
############


You could see Grinder.

Vanquished Creatures
  Terence (D:2)
  An adder (D:2)
  An ooze (D:2)
  3 dart slugs (D:2)
  3 leopard geckos
  4 giant cockroaches
  8 goblins
  5 hobgoblins
  4 jackals (D:2)
  2 kobolds (D:1)
  7 bats
  4 frilled lizards
  7 rats
50 creatures vanquished.

Notes
Turn   | Place    | Note
-------+----------+-------------------------------------------
     0 | D:1      | tkbsonic5 the Human Fighter began the quest for the Orb.
     0 | D:1      | Reached XP level 1. HP: 18/18 MP: 1/1
   254 | D:1      | Reached XP level 2. HP: 24/24 MP: 2/2
   624 | D:1      | Reached XP level 3. HP: 25/29 MP: 3/3
  1055 | D:2      | Reached XP level 4. HP: 33/35 MP: 4/4
  1137 | D:2      | Noticed Terence
  1162 | D:2      | Killed Terence
  1162 | D:2      | Reached skill level 1 in Dodging
  1644 | D:2      | Reached XP level 5. HP: 40/41 MP: 5/5
  1852 | D:3      | Noticed Grinder
  1867 | D:3      | Killed from afar by Grinder

Illustrated notes

Levels and vault maps discovered:
D:1:      matt_arrival_diagonals, layout_basic, minmay_pentomino_u4
D:2:      layout_loops_ring, first_ration, kennysheep_another_room, uniq_terence
D:3:      layout_loops_ring, gammafunk_ghost_arena, okawaru_ov_weapons_minmay,
          uniq_grinder, uniq_jessica

Skill      XL: |  1  2  3  4 |
---------------+-------------+-----
Dodging        | 1 |  1.0
Short Blades   | 3 |  3.0
Fighting       | |  3.6
Armour         | |  3.3
Shields        | |  3.7

Action                   |  1- 3 |  4- 6 || total
-------------------------+-------+-------++-------
Melee: Rapier            |   144 |    19 ||   163
       Short sword       |       |    71 ||    71
Throw: Dart              |     5 |     4 ||     9
  Use: Scroll            |       |     6 ||     6
       Potion            |       |     3 ||     3
  Eat: Chunk             |     1 |     2 ||     3
Armor: Scale mail        |    13 |       ||    13
       Plate armour      |    66 |    55 ||   121
Dodge: Dodged            |    16 |     5 ||    21
Block: Kite shield       |    67 |    45 ||   112
